 Dungeon Crawl Stone Soup version 0.24-a0-347-g1a3e1d35ff (webtiles) character file.

Game seed: 5845760066655191401

185 zhorgal the Insei (level 5, -6/28 HPs)
             Began as a Vine Stalker Monk on May 22, 2019.
             Was a Believer of Cheibriados.
             Mangled by an iguana (10 damage)
             ... on level 4 of the Dungeon.
             The game lasted 00:08:56 (3248 turns).

zhorgal the Insei (Vine Stalker Monk)               Turns: 3248, Time: 00:08:57

Health: -6/28      AC:  9    Str: 19    XL:     5   Next: 64%
Magic:  0/6        EV:  8    Int: 14    God:    Cheibriados [**....]
Gold:   212        SH:  0    Dex: 20    Spells: 4/4 levels left

rFire    . . .     SeeInvis .     - Unarmed
rCold    . . .     Gourm    .   (no shield)
rNeg     . . .     Faith    .   z - +0 chain mail
rPois    .         Spirit   +   (no helmet)
rElec    .         Reflect  .   y - +0 cloak
rCorr    .         Harm     .   (no gloves)
MR       .....                  (no boots)
Stlth    ..........             (no amulet)
HPRegen  0.49/turn              (no ring)
MPRegen  0.10/turn              (no ring)

@: very slow
A: fangs 2, regeneration 1, magic shield, antimagic bite, no potion heal 3, rot
immunity
a: Bend Time, Renounce Religion


You were on level 4 of the Dungeon.
You worshipped Cheibriados.
Cheibriados was pleased with you.
You were not hungry.

You visited 2 branches of the dungeon, and saw 5 of its levels.

You collected 212 gold pieces.

Inventory:

Hand Weapons
 o - a +0 short sword of venom
 r - a +0 hunting sling
 A - a +0 short sword of venom
Missiles
 c - 18 poisoned darts (quivered)
 j - 110 stones
 p - 17 arrows
 t - 29 sling bullets
 w - 3 curare-tipped darts
 x - 35 bolts
 D - 7 javelins
Armour
 a - a +0 robe
 h - a +0 scale mail
 y - a +0 cloak (worn)
 z - a +0 chain mail (worn)
Jewellery
 q - a +5 amulet of reflection {unknown}
 s - an uncursed ring of positive energy {unknown}
Scrolls
 d - a scroll of immolation {unknown}
 f - 6 scrolls of identify {unknown}
 l - 3 scrolls of remove curse {unknown}
 n - 4 scrolls of teleportation {unknown}
 v - 3 scrolls of magic mapping {unknown}
 B - a scroll of fog {unknown}
 C - a scroll of noise {unknown}
Potions
 e - a potion of curing {unknown}
 g - a potion of degeneration {unknown}
 i - 2 potions of mutation {unknown}
 m - a potion of might {unknown}
 u - a potion of heal wounds {unknown}
 E - 2 potions of agility {unknown}
Comestibles
 b - 8 rations


   Skills:
 + Level 3.6 Fighting
 - Level 2.4 Dodging
 - Level 2.4 Stealth
 * Level 5.5 Unarmed Combat
 + Level 0.0 Invocations


You had 4 spell levels left.
You didn't know any spells.
Your spell library contained the following spells:

 Spells                   Type           Power        Failure   Level  Hunger
 Corona                   Hex            #......      99%         1    ##.....
 Ensorcelled Hibernation  Hex/Ice        #.....       99%         2    ###....
 Confuse                  Hex            #.......     100%        3    ####...
 Dazzling Spray           Conj/Hex       #.....       100%        3    ####...
 Tukima's Dance           Hex            #.......     100%        3    ####...


Dungeon Overview and Level Annotations

Branches:
Dungeon (4/15)             Temple (1/1) D:4

Altars:
Cheibriados
Dithmenos
Gozag
Makhleb
Qazlal
Vehumet
Wu Jian
The Shining One


Innate Abilities, Weirdness & Mutations

You have extremely sharp teeth.
Your natural rate of healing is unusually fast.
When hurt, damage is shared between your health and your magic reserves.
Your bite disrupts and absorbs the magic of your enemies.
Potions cannot restore your health.
You are immune to rotting.


Message History

x - 35 bolts (gained 13)
An iguana comes into view.
The iguana hisses angrily.
You hit the iguana but do no damage. You bite the iguana. You drain its power.
The iguana bites you!
You take 7 damage, and have 21/28 hp.
MASSIVE DAMAGE!!
You now have 5/6 mp.
You barely miss the iguana. The iguana bites you!
You take 7 damage, and have 14/28 hp.
MASSIVE DAMAGE!!
You now have 4/6 mp.
You hit the iguana. The iguana bites you.
You now have 3/6 mp.
You hit the iguana. Your bite misses the iguana. The iguana bites you!
* * * LOW HITPOINT WARNING * * *
You take 7 damage, and have 8/28 hp.
MASSIVE DAMAGE!!
You now have 2/6 mp.
You barely miss the iguana. You bite the iguana, but do no damage.
The iguana bites you.
* * * LOW HITPOINT WARNING * * *
You take 5 damage, and have 3/28 hp.
You now have 1/6 mp.
You barely miss the iguana. You bite the iguana, but do no damage.
The iguana bites you!
You die...

#...##.##### ## ##
#.#.##.# #########.#
#.#.##.###.........
#......#.#......#
.....##.........#
.......#.#......#
.........#......# #
.......########.##.##.#
##...### #.@l....#
#...# ####.#### #.### #
#.# #.


You could see an iguana.

Vanquished Creatures
  Jessica (D:2)
  An iguana (D:4)
  3 adders
  4 worms (D:3)
  2 dart slugs
  3 leopard geckos
  4 orcs
  3 ball pythons (D:3)
  14 bats
  3 giant cockroaches
  8 hobgoblins
  A jackal (D:2)
  9 kobolds
  3 quokkas
  5 frilled lizards
  10 goblins
  9 rats
83 creatures vanquished.

Notes
Turn   | Place    | Note
-------+----------+-------------------------------------------
     0 | D:1      | zhorgal the Vine Stalker Monk began the quest for the Orb.
     0 | D:1      | Reached XP level 1. HP: 11/11 MP: 2/2
   474 | D:1      | Reached XP level 2. HP: 13/16 MP: 1/3
   966 | D:1      | Reached skill level 4 in Unarmed Combat
   998 | D:1      | Reached XP level 3. HP: 19/19 MP: 4/4
  1799 | D:2      | Gained mutation: Your natural rate of healing is unusually
                  | fast. [Vine Stalker growth]
  1799 | D:2      | Reached XP level 4. HP: 24/24 MP: 5/5
  1880 | D:2      | Found a glowing golden altar of the Shining One.
  1930 | D:2      | Noticed Jessica
  1944 | D:2      | Killed Jessica
  2272 | D:3      | Reached skill level 5 in Unarmed Combat
  2342 | D:3      | Reached XP level 5. HP: 22/28 MP: 6/6
  2968 | D:4      | Found a staircase to the Ecumenical Temple.
  2977 | Temple   | Entered the Ecumenical Temple
  3071 | Temple   | Became a worshipper of Cheibriados the Contemplative
  3071 | Temple   | Reached * piety under Cheibriados
  3071 | Temple   | Reached ** piety under Cheibriados
  3248 | D:4      | Mangled by an iguana

Levels and vault maps discovered:
D:1:      dpeg_arrival_houses_and_road, layout_basic
D:2:      layout_basic, marbit_many_paths, minmay_cupped, uniq_jessica
D:3:      layout_rooms
D:4:      layout_loops_cross, lemuel_coloured_pillars_altar,
          minmay_temple_entry_sparse_star
Temple:   minmay_temple_curvy_loop

Skill      XL: |  1  2  3  4 |
---------------+-------------+-----
Unarmed Combat | 4 5 |  5.5
Fighting       | 3 |  3.6
Dodging        | |  2.4
Stealth        | |  2.4

Action                   |  1- 3 |  4- 6 || total
-------------------------+-------+-------++-------
Melee: Unarmed           |   130 |   147 ||   277
       Bite              |    31 |    33 ||    64
       Punch             |     1 |     1 ||     2
Throw: Dart              |       |     1 ||     1
  Eat: Chunk             |     3 |     4 ||     7
Armor: Robe              |     3 |       ||     3
       Scale mail        |    47 |    32 ||    79
       Chain mail        |       |    25 ||    25
Dodge: Dodged            |    92 |    61 ||   153

Table legend:
 A = Non-vault XP
 B = Vault XP
 C = Vault XP percentage of total XP
 D = Non-vault monster count
 E = Vault monster count
 F = Vault count percentage of total count
                 A         B        C        D         E       F
            +---------+---------+-------+---------+---------+-------
      Total |     225 |      40 |  15.1 |      80 |       3 |   3.6
            +---------+---------+-------+---------+---------+-------
        D:1 |      44 |       0 |   0.0 |      23 |       0 |   0.0
        D:2 |      46 |      40 |  46.5 |      23 |       3 |  11.5
        D:3 |      85 |       0 |   0.0 |      32 |       0 |   0.0
        D:4 |      50 |       0 |   0.0 |       2 |       0 |   0.0
            +---------+---------+-------+---------+---------+-------
